 Dungeon Crawl Stone Soup version 0.30-a0-782-ge64f9170bb (webtiles) character file.

Game seed: 3783293275481162157

2854 Barriton the Arsonist (level 9, -1/67 HPs)
             Began as a Yellow Draconian Fire Elementalist on Feb 20, 2023.
             Was a Believer of Vehumet.
             Splashed by a brown ugly thing's acid (4 damage)
             ... on level 7 of the Dungeon.
             The game lasted 00:15:49 (7485 turns).

Barriton the Arsonist (DrFE)                        Turns: 7485, Time: 00:15:49

Health: -1/67      AC: 10    Str: 11    XL:     9   Next: 46%
Magic:  2/21       EV: 12    Int: 25    God:    Vehumet [**....]
Gold:   389        SH:  0    Dex: 12    Spells: 17/24 levels left

rFire   . . .      SeeInvis .    q - staff of air
rCold   . . .      Faith    .    (no shield)
rNeg    . . .      Spirit   .    (body armour unavailable)
rPois   .          Reflect  .    (helmet restricted)
rElec   +          Harm     .    i - +2 cloak
rCorr   +          Rampage  .    (no gloves)
Will    .....                    (no boots)
Stlth   ++                       g - amulet of regeneration
HPRegen 1.11/turn                d - ring of wizardry
MPRegen 0.17/turn                h - +6 ring of intelligence

@: lethally poisoned (-1 -> -4)
A: spit acid, AC +7, unfitting armour, cold-blooded, acid resistance
a: Breathe Acid, Renounce Religion


You were on level 7 of the Dungeon.
You worshipped Vehumet.
Vehumet was pleased with you.
You visited 2 branches of the dungeon, and saw 8 of its levels.

You collected 389 gold pieces.

Inventory:

Hand Weapons
 b - a +3 war axe of electrocution
Armour
 i - a +2 cloak (worn)
Magical Staves
 q - a staff of air (weapon)
Jewellery
 d - a ring of wizardry (left hand)
 g - an amulet of regeneration (around neck)
 h - a +6 ring of intelligence (right hand)
 k - a ring of willpower
 l - a +6 ring of strength
 n - a +6 ring of dexterity
Wands
 j - a wand of digging (6)
 r - a wand of iceblast (2)
Scrolls
 o - 3 scrolls of teleportation
 p - 2 scrolls of vulnerability
Potions
 c - 5 potions of curing
 e - 2 potions of haste
 f - a potion of lignification
 m - a potion of ambrosia
 t - a potion of flight {unknown}


   Skills:
 + Level 2.1 Fighting
 + Level 2.3 Axes
 + Level 3.2 Dodging
 + Level 3.3 Stealth
 + Level 8.1 Spellcasting
 + Level 1.7 Conjurations
 + Level 8.8 Fire Magic
 + Level 0.1 Air Magic


You had 17 spell levels left.
You knew the following spells:

 Your Spells              Type           Power      Damage    Failure   Level
a - Foxfire               Conj/Fire      100%       2x1d9     1%          1
b - Scorch                Fire           100%       2d10      1%          2
c - Kindle Blastsparks    Fire/Tloc/Air  74%        2d16      2%          3
d - Shock                 Conj/Air       88%        1d8       1%          1

Your spell library contained the following spells:

 Spells                   Type           Power      Damage    Failure   Level
 Inner Flame              Hex/Fire       32%        N/A       1%          3
 Slow                     Hex            40%        N/A       2%          1
 Summon Small Mammal      Summ           40%        N/A       2%          1
 Flame Wave               Conj/Fire      36%        2d10      2%          4
 Call Canine Familiar     Summ           10%        N/A       8%          3
 Confusing Touch          Hex            10%        N/A       8%          3
 Gell's Gravitas          Tloc           10%        N/A       8%          3
 Summon Guardian Golem    Hex/Summ       10%        N/A       8%          3
 Teleport Other           Tloc           10%        N/A       8%          3
 Vampiric Draining        Necr           10%        2d6       8%          3
 Dispersal                Tloc           5%         N/A       97%         6


Dungeon Overview and Level Annotations

Branches:
Dungeon (7/15)             Temple (1/1) D:5

Altars:
Ashenzari
Dithmenos
Elyvilon
Fedhas
Gozag
Hepliaklqana
Kikubaaqudgha
Makhleb
Nemelex Xobeh
Okawaru
Qazlal
Ru
Sif Muna
Trog
Uskayaw
Vehumet
Wu Jian
Xom
Yredelemnul
Zin

Annotations:
D:7 1 transporter, Takeo's ghost, novice DjWr


Innate Abilities, Weirdness & Mutations

You can spit globs of acid.
Your golden yellow scales are hard. (AC +7)
You cannot fit into any form of body armour.
You are cold-blooded and may be slowed by cold attacks.
You are resistant to acid. (rCorr)


Message History

The black bear barely misses you.
You feel very sick.
Takeo's ghost gestures wildly while chanting.
Takeo's ghost blinks!
The black bear attacks as you move away!
The black bear closely misses you. The black bear completely misses you.
The black bear barely misses you.
You feel sick.
The water moccasin bites you but does no damage.
You feel sick. The water moccasin bites you!
You are more poisoned.
The water moccasin poisons you!
Casting: Scorch (safe; 1% risk of failure)
Confirm with . or Enter, or press ? or * to list all spells.
Flames lash the water moccasin.
The water moccasin is burned terribly!
You kill the water moccasin!
Vehumet accepts your kill.
You feel very sick.
Casting: Scorch (safe; 1% risk of failure)
Confirm with . or Enter, or press ? or * to list all spells.
Flames lash the black bear.
The black bear is moderately wounded.
The black bear's fire resistance burns away.
You feel very sick.
The brown ugly thing is no longer more vulnerable to fire.
The black bear closely misses you.
The black bear claws you but does no damage. x2
The brown ugly thing closely misses you.
Casting: Scorch (safe; 1% risk of failure)
Confirm with . or Enter, or press ? or * to list all spells.
Flames lash the brown ugly thing.
The brown ugly thing is moderately wounded.
The brown ugly thing's fire resistance burns away.
You feel very sick. The black bear bites you!
* * * LOW HITPOINT WARNING * * *
The black bear claws you but does no damage. x2
The brown ugly thing trunk-slaps you!
* * * LOW HITPOINT WARNING * * *
You are splashed with acid.
You resist.
You die...

#.# #.####.##..## #.##
#.##...###...
#..######.?#.#####...
##.............##...##
######.................#.#
#........#########...###.##
#.......##.......##..##....
#(......#8..#.#..8#.....#.#
#.[.....#.@#...#..#..####.#
#.......#?uh..†...#.....(.#
#......©#!...©....#©.......
#######.......#$........#.....>##
.....##.......#..#...#..#......##
......#.......#8..#.#..8#......#
.......#####..##......©##......#
.......##))....#########.......#
.......##.##...............#####


You could see a brown ugly thing (combustible) and a black bear (combustible).

Vanquished Creatures
  5 yaks
  A steam dragon (D:7)
  4 water moccasins
  An ice beast (D:5)
  An orc warrior (D:6)
  2 ogres
  2 centaurs
  A kobold brigand (D:7)
  3 bullfrogs (D:7)
  2 necrophages
  A scorpion (D:5)
  A howler monkey (D:7)
  3 jellies
  An orc priest (D:7)
  4 hounds
  3 iguanas
  An orc wizard (D:7)
  Natasha (D:4)
  Terence (D:2)
  7 gnolls
  3 adders
  A shadow imp (D:6)
  A white imp (D:6)
  3 worms
  A dart slug (D:2)
  10 orcs
  6 ball pythons
  3 bats
  6 endoplasms
  6 giant cockroaches
  6 goblins
  8 hobgoblins
  9 kobolds
  3 quokkas
  3 frilled lizards
  7 rats
121 creatures vanquished.

Vanquished Creatures (others)
  119 foxfires
119 creatures vanquished.

Grand Total: 240 creatures vanquished

Notes
Turn   | Place    | Note
-------+----------+-------------------------------------------
     0 | D:1      | Barriton the Draconian Fire Elementalist began the quest
                  | for the Orb.
     0 | D:1      | Reached XP level 1. HP: 14/14 MP: 3/3
   346 | D:1      | Reached XP level 2. HP: 20/20 MP: 3/5
   462 | D:1      | Learned a level 2 spell: Scorch
  1108 | D:2      | Noticed Terence
  1115 | D:2      | Killed Terence
  1116 | D:2      | Reached XP level 3. HP: 18/26 MP: 0/6
  1748 | D:2      | Reached XP level 4. HP: 34/34 MP: 2/7
  2200 | D:2      | Learned a level 3 spell: Kindle Blastsparks
  3169 | D:4      | Reached skill level 1 in Axes
  3231 | D:4      | Found an iron altar of Okawaru.
  3238 | D:4      | Found a sacrificial altar of Ru.
  3309 | D:4      | Reached XP level 5. HP: 39/39 MP: 1/8
  3706 | D:4      | Noticed Natasha
  3760 | D:5      | Entered Level 5 of the Dungeon
  3924 | D:4      | Killed Natasha
  3964 | D:5      | Noticed an ice beast
  3967 | D:5      | Found a staircase to the Ecumenical Temple.
  3971 | D:5      | Killed an ice beast
  3972 | D:5      | Reached skill level 1 in Fighting
  3972 | D:5      | Reached skill level 5 in Fire Magic
  3972 | D:5      | Reached XP level 6. HP: 47/47 MP: 3/10
  3985 | Temple   | Entered the Ecumenical Temple
  4026 | Temple   | Became a worshipper of Vehumet
  4492 | D:5      | Your scales start taking on a golden yellow colour.
  4492 | D:5      | Reached XP level 7. HP: 49/52 MP: 1/13
  4492 | D:5      | Gained mutation: You are resistant to acid. (rCorr) [Yellow
                  | Draconian growth]
  4719 | D:5      | Found a stormy altar of Qazlal.
  5510 | D:6      | Reached * piety under Vehumet
  5510 | D:6      | Offered knowledge of Freeze by Vehumet.
  5525 | D:6      | Reached skill level 5 in Spellcasting
  5751 | D:6      | Reached XP level 8. HP: 60/60 MP: 10/15
  6676 | D:7      | Found a transporter.
  6679 | D:7      | Found a transporter.
  6679 | D:7      | Noticed a brown ugly thing
  6679 | D:7      | Noticed Takeo's ghost (novice DjWr)
  6995 | D:7      | Reached ** piety under Vehumet
  6995 | D:7      | Offered knowledge of Shock by Vehumet.
  6996 | D:7      | Reached XP level 9. HP: 14/67 MP: 8/19
  7034 | D:7      | HP: 2/67 [yak (12)]
  7445 | D:7      | Learned a level 1 spell: Shock
  7485 | D:7      | HP: 3/67 [brown ugly thing (8)]
  7485 | D:7      | Splashed by a brown ugly thing's acid

Illustrated notes

Levels and vault maps discovered:
D:1:      roderic_crossed_star, layout_loops_corners
D:2:      layout_basic, uniq_terence
D:3:      layout_basic
D:4:      layout_basic, mainiacjoe_overflow_catwalk_spiral, corexii_shack,
          minmay_bisected, uniq_natasha
D:5:      layout_basic, nicolae_qazlal_general_emergency,
          minmay_temple_entry_junction_2
D:6:      layout_loops_ring, chequers_serial_rivers_micro_c, minivault_26,
          nrook_mini_vaults
D:7:      layout_rooms, gammafunk_ghost_arena
Temple:   compressed_dpeg_triangle_lava_temple

Skill      XL: |  1  2  3  4  5  6  7  8  9 |
---------------+----------------------------+-----
Stealth        | 2 3 |  3.3
Dodging        | 2 3 |  3.2
Fire Magic     | 4 5 6 8 |  8.8
Axes           | 1 2 |  2.3
Fighting       | 1 2 |  2.1
Spellcasting   | 3 4 5 7 8 |  8.1
Conjurations   | |  1.7
Air Magic      | |  0.1

Action                     |  1- 3 |  4- 6 |  7- 9 || total
---------------------------+-------+-------+-------++-------
  Melee: War axe           |    19 |    21 |       ||    40
         Tailslap          |     2 |       |     7 ||     9
         Staff             |       |       |    47 ||    47
         Punch             |       |       |     1 ||     1
   Cast: Foxfire           |    30 |    40 |    11 ||    81
         Scorch            |    15 |    39 |   107 ||   161
         Kindle Blastspark |       |     2 |       ||     2
    Use: Scroll            |     3 |     6 |     3 ||    12
         Potion            |       |     1 |     2 ||     3
 Armour: Skin              |     6 |     7 |    40 ||    53
  Dodge: Dodged            |    15 |    35 |    87 ||   137

Table legend: (Time is in decaauts)
 A = Elapsed time spent in this place.
 B = Non-inter-level travel time spent in this place.
 C = Inter-level travel time spent in this place.
 D = Time resting spent in this place.
 E = Time spent auto-exploring this place.
 F = Levels seen in this place.
 G = Mean time per level.
                   A        B        C        D        E       F      G
               +--------+--------+--------+--------+--------+-----+--------+
         Total |   7496 |   7337 |    159 |      9 |   6099 |   8 |  937.0 |
       Dungeon |   7439 |   7280 |    159 |      9 |   6099 |   7 | 1062.7 |
        Temple |     56 |     56 |      0 |      0 |      0 |   1 |   56.0 |
               +--------+--------+--------+--------+--------+-----+--------+

Top non-repeatable levels by time:
     D:6: 1320 daAuts
     D:5: 1303 daAuts
     D:2: 1111 daAuts
     D:1: 1106 daAuts
     D:7: 892 daAuts
     D:4: 873 daAuts
     D:3: 832 daAuts
  Temple: 56 daAuts
